 Dungeon Crawl Stone Soup version 0.21.1-1-g345015f (webtiles) character file.

300 Mgcat the Cudgeler (level 6, -1/40 HPs)
             Began as a Gargoyle Gladiator on Mar 21, 2018.
             Was a Follower of Okawaru.
             Killed from afar by an orc wizard (2 damage)
             ... with a puff of flame
             ... on level 4 of the Dungeon.
             The game lasted 00:04:48 (2326 turns).

Mgcat the Cudgeler (Gargoyle Gladiator)             Turns: 2326, Time: 00:04:49

Health: -1/40      AC:  9    Str: 18    XL:     6   Next: 36%
Magic:  6/6        EV: 18    Int: 14    God:    Okawaru [*.....]
Gold:   174        SH:  0    Dex: 17    Spells: 5/5 levels left

rFire    + . .     SeeInvis .   a - +0 flail
rCold    . . .     Gourm    .   (no shield)
rNeg     + . .     Faith    .   b - +0 leather armour
rPois    ∞         Spirit   .   c - +0 helmet
rElec    +         Reflect  .   (no cloak)
rCorr    .         Harm     .   h - +0 pair of gloves
MR       .....                  (no boots)
Stlth    ++........             (no amulet)
HPRegen  0.13/turn              l - ring of protection from fire {rF+, !d}
MPRegen  0.10/turn              (no ring)

@: brilliant, agile
A: negative energy resistance 1, electricity resistance, unbreathing,
petrification resistance, rot immunity, AC +4
a: Heroism, Renounce Religion


You were on level 4 of the Dungeon.
You worshipped Okawaru.
Okawaru was aware of your devotion.
You were not hungry.

You visited 1 branch of the dungeon, and saw 4 of its levels.

You collected 174 gold pieces.

Inventory:

Hand Weapons
 a - a +0 flail (weapon)
Missiles
 d - 3 throwing nets {=f, !d}
Armour
 b - a +0 leather armour (worn)
 c - a +0 helmet (worn)
 h - a +0 pair of gloves (worn)
   (You found it on level 1 of the Dungeon)
Jewellery
 l - a ring of protection from fire (left hand) {rF+, !d}
   (You found it on level 2 of the Dungeon)
Scrolls
 e - 2 scrolls of blinking {unknown}
 g - 3 scrolls of enchant weapon {unknown}
 j - a scroll of remove curse {unknown}
 m - a scroll of identify {unknown}
 q - a scroll of enchant armour {unknown}
 r - a scroll of fog {unknown}
 s - a scroll of immolation {unknown}
 u - a scroll of magic mapping {unknown}
Potions
 i - a potion of ambrosia {unknown}
 n - a potion of brilliance
 p - a potion of heal wounds {unknown}
 t - a potion of curing {unknown}
Comestibles
 f - 6 rations
 k - 9 chunks of flesh {@w0}


   Skills:
 + Level 5.2 Fighting
 + Level 5.3 Maces & Flails
 - Level 1.7 Throwing
 - Level 2.4 Dodging


You had 5 spell levels left.
You didn't know any spells.

Dungeon Overview and Level Annotations

Branches:
Dungeon (4/15)
 Temple: D:4-7

Altars:
Ashenzari
Cheibriados
Kikubaaqudgha
Okawaru
Trog
Yredelemnul
The Shining One

Annotations:
D:3 Shinoi's ghost, amateur DsAK


Innate Abilities, Weirdness & Mutations

You are resistant to torment.
Your stone body is resilient. (AC +4)
You are immune to poison.
You resist negative energy. (rN+)
You are resistant to electric shocks. (rElec)
You can survive without breathing.
You are immune to petrification.
You are immune to rotting.


Message History

The quokka skeleton bites you.
An orc comes into view. It is wielding a flail.
The orc shouts!
You thump the quokka skeleton!
You destroy the quokka skeleton!
Okawaru accepts your kill.
The orc moves out of view.
An orc comes into view.
An orc comes into view.
The orc shouts!
You closely miss the orc wizard.
The orc wizard hits you but does no damage.
You hit the orc wizard.
The orc wizard is moderately wounded.
The orc wizard hits you but does no damage.
You barely miss the orc wizard.
The orc wizard is moderately wounded.
The orc wizard closely misses you.
You hit the orc.
The orc is almost dead.
You hit the orc but do no damage.
The orc is almost dead.
The orc hits you but does no damage.
You barely miss the orc.
The orc is almost dead.
The orc wizard barely misses you. The orc barely misses you.
You hit the orc.
You kill the orc!
Okawaru accepts your kill. The orc hits you but does no damage.
The orc wizard points at you and mumbles some strange words.
The magic dart hits you!
Some of the chunks of flesh in your inventory have rotted away.
An orc priest comes into view.
You closely miss the orc wizard.
The orc wizard is moderately wounded.
The orc barely misses you.
The orc wizard hits you but does no damage.
The orc barely misses you.
You closely miss the orc wizard.
The orc wizard is moderately wounded.
The orc priest shouts!
The orc wizard hits you but does no damage.
The orc hits you but does no damage. The orc hits you.
The orc priest casts a cantrip, but nothing happens.
The orc wizard miscasts a cantrip.
The orc wizard points at you and mumbles some strange words.
The puff of frost hits you!
The orc priest miscasts a cantrip.
You barely miss the orc. You sock the orc!
You kill the orc!
Okawaru accepts your kill.
You hit the orc wizard.
The orc wizard is severely wounded.
The orc wizard misses you.
You sock the orc wizard!
You kill the orc wizard!
Okawaru accepts your kill.
The orc priest invokes the aid of Beogh against you.
Beogh smites you! The orc barely misses you.
The orc priest calls down the wrath of Beogh upon you.
Pain shoots through your body!
* * * LOW HITPOINT WARNING * * *
You completely miss the orc priest. The orc priest barely misses you.
The orc misses you.
You hit the orc priest.
The orc priest is lightly wounded.
The orc priest closely misses you. The orc barely misses you.
The orc priest closely misses you.
An orc wizard comes into view. It is wielding a dagger.
The orc wizard shouts!
You sock the orc priest!
The orc priest is severely wounded.
You hear a shout! x2
The orc hits you with a flail.
* * * LOW HITPOINT WARNING * * *
The orc priest calls down the wrath of Beogh upon you.
You are unaffected.
The orc wizard gestures at you while chanting.
You resist with some effort.
You barely miss the orc priest.
The orc priest is heavily wounded.
The orc closely misses you.
The orc priest calls down the wrath of Beogh upon you.
Beogh smites you!
* * * LOW HITPOINT WARNING * * *
An orc comes into view.
It was a potion of brilliance.
You feel clever all of a sudden.
The orc priest hits you but does no damage.
The orc barely misses you.
An orc comes into view. It is wielding a hand axe.
It was a potion of agility.
You feel agile all of a sudden. The orc priest misses you.
The orc wizard gestures at you while chanting.
The puff of flame hits you! You resist.
You die...

##..................
###.................#
.o................#.#
#.o.............#.#
.##................#
..................#.#
#.##.o.....).......#.#
.........o#.........#.
####..#..@######.....
#.....o.### .....
##........### ###
###......... .#
##....#######..
##...........
##.#..>...# #..#.....#
#..#.....#


You could see an orc priest, an orc wizard and 3 orcs.

Vanquished Creatures
  An ogre (D:4)
  A jelly (D:3)
  2 orc wizards
  An adder (D:2)
  4 oozes
  2 worms (D:2)
  3 dart slugs
  2 leopard geckos
  11 orcs
  5 bats
  10 goblins
  9 hobgoblins
  5 jackals
  9 kobolds
  2 quokkas (D:3)
  6 frilled lizards
  A quokka skeleton (D:4)
  9 rats
83 creatures vanquished.

Notes
Turn   | Place    | Note
-------+----------+-------------------------------------------
     0 | D:1      | Mgcat the Gargoyle Gladiator began the quest for the Orb.
     0 | D:1      | Reached XP level 1. HP: 12/12 MP: 1/1
    72 | D:1      | Reached XP level 2. HP: 18/18 MP: 2/2
   476 | D:1      | HP: 3/18 [dart slug/slug dart (6)]
   477 | D:1      | Reached skill level 3 in Fighting
   483 | D:1      | HP: 3/19 [bat (1)]
   493 | D:1      | Reached XP level 3. HP: 5/23 MP: 3/3
  1480 | D:2      | Reached skill level 4 in Maces & Flails
  1480 | D:2      | Reached XP level 4. HP: 23/28 MP: 4/4
  1604 | D:2      | Found an iron altar of Okawaru.
  1623 | D:2      | Became a worshipper of Warmaster Okawaru
  1783 | D:3      | Reached skill level 4 in Fighting
  1783 | D:3      | Reached XP level 5. HP: 16/33 MP: 5/5
  1792 | D:3      | HP: 8/34 [quokka (3)]
  1802 | D:3      | Noticed Shinoi's ghost (amateur DsAK)
  2188 | D:4      | Noticed an ogre
  2205 | D:4      | Killed an ogre
  2205 | D:4      | Reached * piety under Okawaru
  2205 | D:4      | Reached skill level 5 in Fighting
  2205 | D:4      | Reached skill level 5 in Maces & Flails
  2205 | D:4      | Reached XP level 6. HP: 40/40 MP: 6/6
  2240 | D:4      | Found a glowing golden altar of the Shining One.
  2244 | D:4      | Found an ancient bone altar of Kikubaaqudgha.
  2246 | D:4      | Found a basalt altar of Yredelemnul.
  2246 | D:4      | Found a snail-covered altar of Cheibriados.
  2246 | D:4      | Found a bloodstained altar of Trog.
  2251 | D:4      | Found a shattered altar of Ashenzari.
  2323 | D:4      | HP: 10/40 [orc/flail (1)]
  2324 | D:4      | HP: 1/40 [orc priest/divine providence (10)]
  2326 | D:4      | Killed from afar by an orc wizard

Skill      XL: |  1  2  3  4  5 |
---------------+----------------+-----
Fighting       | 3 4 5 |  5.2
Maces & Flails | 4 5 |  5.3
Throwing       | |  1.7
Dodging        | |  2.4

Action                   |  1- 3 |  4- 6 || total
-------------------------+-------+-------++-------
Melee: Flail             |   143 |   154 ||   297
  Use: Potion            |     1 |     2 ||     3
  Eat: Chunk             |     2 |     3 ||     5
Armor: Leather armour    |    62 |    52 ||   114
Dodge: Dodged            |   107 |   118 ||   225

Vault maps used:
D:1:      dpeg_arrival_chambers_temple_mockup, serial_co_window_serial,
          co_window_of_opportunity_a, co_window_paths_b,
          co_window_of_opportunity_a, co_window_of_opportunity_a,
          co_window_paths_a, co_window_unsneaky_path_c, co_window_2corner,
          co_window_broadway_a, co_window_cross_4, co_window_2corner,
          glass_columns_c, glass_columns_b, glass_columns_a, glass_columns_b,
          glass_columns_b
D:2:      serial_glass, glass_columns_c, glass_columns_b, glass_columns_a,
          glass_columns_a, glass_columns_c, glass_columns_b, glass_columns_a,
          glass_columns_b, glass_columns_c, glass_columns_a,
          minmay_strange_pillars, feat_on_display, item_on_display_a,
          minmay_misc_feat_plants, okawaru_ov_weapons_minmay
D:3:      uniq_robin
D:4:      minitemple, minmay_temple_entry_grid, led_xom_imps

Table legend:
 A = Turns spent in this place as a percentage of turns spent in the entire game.
 B = Non-inter-level travel turns spent in this place as a percentage of non-inter-level travel turns spent in the entire game.
 C = Inter-level travel turns spent in this place as a percentage of turns spent in this place.
 D = Turns resting spent in this place as a percentage of non-inter-level travel turns spent in this place.
 E = Turns spent auto-exploring this place as a percentage of non-inter-level travel turns spent in this place.
 F = Non-inter-level travel turns spent in this place divided by the number of levels of this place that you've seen.
                   A       B       C       D       E      F
               +-------+-------+-------+-------+-------+----------------------
         Total | 100.0 | 100.0 |   0.0 |   0.0 |  73.6 | 581.5
       Dungeon | 100.0 | 100.0 |   0.0 |   0.0 |  73.6 | 581.5
               +-------+-------+-------+-------+-------+----------------------

Table legend:
 A = Kills in this place as a percentage of kills in entire the game.
 B = Kills by you in this place as a percentage of kills by you in the entire game.
 C = Kills by friends in this place as a percentage of kills by friends in the entire game.
 D = Other kills in this place as a percentage of other kills in the entire game.
 E = Experience gained in this place as a percentage of experience gained in the entire game.
 F = Experience gained in this place divided by the number of levels of this place that you have seen.
                   A       B       C       D       E      F
               +-------+-------+-------+-------+-------+----------------------
         Total | 100.0 | 100.0 |   N/A |   N/A | 100.0 | 107.2
       Dungeon | 100.0 | 100.0 |   N/A |   N/A | 100.0 | 107.2
               +-------+-------+-------+-------+-------+----------------------
